 Dungeon Crawl Stone Soup version 0.20-a0-1127-g1289703 (webtiles) character file.

186 Klosterheim the Sneak (level 5, -2/27 HPs)
             Began as a Vine Stalker Wanderer on May 18, 2017.
             Killed from afar by an orc wizard (6 damage)
             ... with a magic dart
             ... on level 4 of the Dungeon.
             The game lasted 00:07:15 (3234 turns).

Klosterheim the Sneak (Vine Stalker Wanderer)       Turns: 3234, Time: 00:07:15

Health: -2/27      AC:  2    Str: 14    XL:     5   Next: 66%
Magic:  0/6        EV: 11    Int: 11    God:
Gold:   173        SH:  0    Dex: 16    Spells: 4/4 levels left

rFire    . . .     SeeInvis .   u - +1 dagger (venom)
rCold    . . .     Gourm    .   (no shield)
rNeg     . . .     Faith    .   (no armour)
rPois    .         Spirit   +   (no helmet)
rElec    .         Reflect  .   (no cloak)
rCorr    .         Harm     .   (no gloves)
MR       .....                  k - +1 pair of boots
Stlth    ++++......             (no amulet)
Regen    0.5/turn               (no ring)
MPRegen  0.1/turn               (no ring)

@: about to teleport
A: fangs 2, regeneration 1, magic shield, antimagic bite, no potion heal 3, rot
immunity
a: no special abilities


You were on level 4 of the Dungeon.
You were not hungry.

You visited 1 branch of the dungeon, and saw 4 of its levels.

You collected 173 gold pieces.

Inventory:

Hand Weapons
 h - a +0 dagger of speed
 u - a +1 dagger of venom (weapon)
Armour
 a - a +2 scale mail
 k - a +1 pair of boots (worn)
Scrolls
 d - a scroll of amnesia
 j - a scroll of recharging
 p - a scroll of remove curse
 v - a scroll of magic mapping
Potions
 b - 2 potions of curing
 c - a potion of heal wounds
 m - a potion of resistance
Comestibles
 f - 2 bread rations
 i - 4 royal jellies
 w - 3 fruits


   Skills:
 + Level 2.6 Fighting
 * Level 3.8 Short Blades
   Level 1.0 Maces & Flails
 - Level 1.0 Armour
 - Level 7.2 Stealth
 - Level 1.0 Unarmed Combat


You had 4 spell levels left.
You didn't know any spells.

Dungeon Overview and Level Annotations

Branches:
Dungeon (4/15)
 Temple: D:4-7

Altars:
Gozag
Trog

Annotations:
D:3 Klosterheim's ghost, amateur VSSk


Innate Abilities, Weirdness & Mutations

You have extremely sharp teeth.
Your natural rate of healing is unusually fast.
When hurt, damage is shared between your health and your magic reserves.
Your bite disrupts and absorbs the magic of your enemies.
Potions cannot restore your health.
You are immune to rotting.


Message History

The orc wizard is moderately wounded.
The orc wizard casts a spell at you. The magic dart hits you!
The orc wizard casts a spell at you. The magic dart hits you!
* * * LOW HITPOINT WARNING * * *
You have no ailments to cure.
Okay, then.
As you read the scroll of teleportation, it crumbles to dust.
You feel strangely unstable. The orc wizard closely misses you.
You completely miss the orc wizard.
You bite the orc wizard, but do no damage.
The orc wizard is severely wounded.
The orc wizard closely misses you.
You hit the orc wizard.
The orc wizard looks as sick as possible!
The orc wizard is almost dead.
The orc wizard gestures at you while chanting.
The magic dart hits you!
You die...

##.....#....#....# #..........# #
......))).....#.## #..........# #
#.##...#.##..##.# #..(.......# #
#..###..w.......####..........###
##..#....###.#.................#.
<......#..##...###..........##...
.......##.......##.###...........
######.....##..รท...########......
***######..)...o@...........##.#.
,,..........)...o.....########.#.
**####...#..###.#.>##..#*** #.#.
***#.###.## #..........,* ###.
***,...,...# #.........#,* ##
,,,.##*.####**##.##.....#,*
**#,,,w,****,,,..#*.....*,***
***,******,,,***##*.....*,,,*
,,,,,,,,,,,,,,,,,,,,....,,*,***


You could see 2 orc wizards.

Vanquished Creatures
  A hound (D:4)
  2 orc wizards (D:4)
  An adder (D:4)
  2 worms
  A dart slug (D:1)
  4 leopard geckos
  13 orcs
  5 bats
  3 giant cockroaches
  11 goblins
  5 hobgoblins
  2 quokkas
  4 frilled lizards
  5 kobolds
  8 rats
67 creatures vanquished.

Notes
Turn   | Place    | Note
-------+----------+-------------------------------------------
     0 | D:1      | Klosterheim the Vine Stalker Wanderer began the quest for the Orb.
     0 | D:1      | Klosterheim set off with: a +2 scale mail, 2 potions of curing, a +0 club, a +0 dagger, a bread ration
     0 | D:1      | Reached XP level 1. HP: 10/10 MP: 2/2
   132 | D:1      | Reached skill level 1 in Short Blades
   309 | D:1      | Reached XP level 2. HP: 14/14 MP: 3/3
   882 | D:1      | Reached XP level 3. HP: 10/18 MP: 4/4
  1957 | D:3      | Found an opulent altar of Gozag.
  1997 | D:3      | Noticed Klosterheim's ghost (amateur VSSk)
  2480 | D:3      | Gained mutation: Your natural rate of healing is unusually fast. [Vine Stalker growth]
  2480 | D:3      | Reached XP level 4. HP: 22/23 MP: 5/5
  2558 | D:3      | Found a bloodstained altar of Trog.
  2817 | D:4      | Reached XP level 5. HP: 12/27 MP: 1/6
  3060 | D:4      | Noticed a phantom
  3234 | D:4      | Killed from afar by an orc wizard

Vault maps used:
D:1:      elethiomel_arrival_shortcut
D:2:      first_bread, roderic_ancient_swastika
D:3:      lemuel_doored_altar, bloody_trog, uniq_jessica

Skill      XL: |  1  2  3  4 |
---------------+-------------+-----
Short Blades   | 1 2 3 |  3.8
Fighting       | 2 |  2.6
Maces & Flails | |  1.0
Armour         | |  1.0
Stealth        | |  7.2
Unarmed Combat | |  1.0

Action                   |  1- 3 |  4- 6 || total
-------------------------+-------+-------++-------
Melee: Dagger            |   121 |    87 ||   208
       Bite              |    21 |    12 ||    33
       Punch             |     1 |     3 ||     4
  Use: Potion            |       |     4 ||     4
       Scroll            |       |    10 ||    10
 Stab: Sleeping          |    16 |     6 ||    22
  Eat: Chunk             |     5 |     2 ||     7
Armor: Scale mail        |    41 |       ||    41
       Skin              |     3 |    31 ||    34
Dodge: Dodged            |    53 |    23 ||    76
